| Goals | Penalties |
1. Manchester Monarchs , Justin Sourdif 3 (Samuel Johannesson 1) at 7:07
2. Manchester Monarchs , Luca Del Bel Belluz 5 (Nikolai Kovalenko 4) at 16:02
|
Frederic Brunet (MON) for Cross-checking (Minor) at 8:50
|
3. Philadelphia Phantoms , Jonathan Lekkerimaki 5 (Bradly Nadeau 5, Cole Schwindt 6) at 4:15
4. Philadelphia Phantoms , Jonathan Lekkerimaki 6 (Bradly Nadeau 6, Emil Andrae 3) at 5:12
5. Philadelphia Phantoms , Cameron Hebig 4 (Cole Schwindt 7) at 11:39
6. Philadelphia Phantoms , Cole Schwindt 7 (Emil Andrae 4, Vasily Ponomarev 9) at 11:50
7. Manchester Monarchs , Nikolai Kovalenko 3 (Luca Del Bel Belluz 6, Jake Christiansen 2) at 14:27
|
Rory Kerins (MON) for Tripping (Minor) at 5:21 Max Jones (MON) for Delaying the game (Minor) at 9:17 Daemon Hunt (MON) for Fighting (Major) at 11:46 Filip Bystedt (PHA) for Fighting (Major) at 11:46 Emil Andrae (PHA) for Delaying the game (Minor) at 16:02
|
8. Philadelphia Phantoms , Bradly Nadeau 10 (Jonathan Lekkerimaki 14, Emil Andrae 5) at 11:15
|
Matthew Seminoff (MON) for Fighting (Major) at 0:52 Dennis Cholowski (PHA) for Fighting (Major) at 0:52 Filip Bystedt (PHA) for Delaying the game (Minor) at 15:19 Adam Ginning (PHA) for Slashing (Minor) at 19:05
|
|
Jiri Patera (PHA), 29 saves from 32 shots - (0,906), W, 1-0-0, 60:00 minutes
Matthew Murray (MON), 24 saves from 29 shots - (0,828), L, 5-2-0, 60:00 minutes
|
|
1 - Cole Schwindt (PHA)
2 - Jonathan Lekkerimaki (PHA)
3 - Bradly Nadeau (PHA)
|
Referees : Troy Paterson and Tim Peel
Linesman : Tyson Baker and Derek Amell
|
|
Daemon Hunt and Filip Bystedt fight to a draw at 11:46 of 2nd period
Matthew Seminoff and Dennis Cholowski fight to a draw at 0:52 of 3rd period
|
|
Level 1 -- Attendance: 2000 (100,00%) -- Ticket Income $60,000
Level 2 -- Attendance: 915 (91,50%) -- Ticket Income $10,980
Total Attendance: 2915 (97,17%)
Total Ticket Income: $70,980
Other Income: $34,780
Total Income: $105,760
|
| Team Name |
Goals |
Shots |
Shots Attemp |
Shots Blocked |
PIM |
HIT |
PP |
PK |
FO% |
| Philadelphia Phantoms |
5 | 29 | 56 | 12 | 16 | 27 | 0 / 3 (0%) | 0 | 53% |
| Manchester Monarchs |
3 | 32 | 58 | 8 | 16 | 20 | 0 / 3 (0%) | 0 | 47% |
Philadelphia Phantoms
Manchester Monarchs
Philadelphia Phantoms
| 5 vs 5 Forward |
|---|
| Line # | Left Wing | Center | Right Wing | PHY | DF | OF | Wanted % | Time % | Time Play |
| 1 | Bradly Nadeau | Cal O'Reilly | Jonathan Lekkerimaki | 0 | 3 | 2 | 32 | 31% | 15:27
|
| 2 | Filip Bystedt | Vasily Ponomarev | Zayde Wisdom | 0 | 3 | 2 | 31 | 31% | 15:05
|
| 3 | Givani Smith | Cole Schwindt | Cameron Hebig | 0 | 3 | 2 | 24 | 21% | 10:16
|
| 4 | Alex Campbell | Tyler Madden | Ondrej Becher | 0 | 3 | 2 | 13 | 17% | 8:23
|
| 5 vs 5 Defense |
|---|
| Line # | Defense | Defense | | PHY | DF | OF | Wanted % | Time % | Time Play |
| 1 | Tyler Wotherspoon | Dennis Cholowski | | 1 | 3 | 1 | 40 | 40% | 19:52
|
| 2 | Chase Priskie | Emil Andrae | | 1 | 3 | 1 | 35 | 36% | 17:29
|
| 3 | Ronnie Attard | Adam Ginning | | 1 | 3 | 1 | 25 | 24% | 11:50
|
| 4 | Tyler Wotherspoon | Dennis Cholowski | | 1 | 2 | 2 | 0 | 0% | 0:00
|
| Power Play Forward |
|---|
| Line # | Left Wing | Center | Right Wing | PHY | DF | OF | Wanted % | Time % | Time Play |
| 1 | Bradly Nadeau | Cal O'Reilly | Jonathan Lekkerimaki | 1 | 2 | 2 | 60 | 51% | 3:02
|
| 2 | Filip Bystedt | Vasily Ponomarev | Zayde Wisdom | 1 | 2 | 2 | 40 | 49% | 2:55
|
| Power Play Defense |
|---|
| Line # | Defense | Defense | | PHY | DF | OF | Wanted % | Time % | Time Play |
| 1 | Tyler Wotherspoon | Dennis Cholowski | | 1 | 2 | 2 | 60 | 58% | 3:26
|
| 2 | Chase Priskie | Emil Andrae | | 1 | 2 | 2 | 40 | 42% | 2:31
|
| Penalty Kill 4 Players Forward |
|---|
| Line # | Center | Wing | PHY | DF | OF | Wanted % | Time % | Time Play |
| 1 | Filip Bystedt | Givani Smith | 0 | 5 | 0 | 60 | 94% | 4:35
|
| 2 | Cal O'Reilly | Cole Schwindt | 0 | 5 | 0 | 40 | 6% | 0:17
|
| Penalty Kill 4 Players Defense |
|---|
| Line # | Defense | Defense | PHY | DF | OF | Wanted % | Time % | Time Play |
| 1 | Tyler Wotherspoon | Dennis Cholowski | 1 | 4 | 0 | 60 | 48% | 2:21
|
| 2 | Chase Priskie | Emil Andrae | 1 | 4 | 0 | 40 | 52% | 2:31
|
| Penalty Kill 3 Players |
|---|
| Line # | Wing | PHY | DF | OF | Wanted % | Time % | Time Play | Defense | Defense | PHY | DF | OF | Wanted % | Time % | Time Play |
| 1 | Filip Bystedt | 0 | 5 | 0 | 60 | 0% | 0:00
| Tyler Wotherspoon | Dennis Cholowski | 1 | 4 | 0 | 60 | 0% | 0:00
|
| 2 | Cole Schwindt | 0 | 5 | 0 | 40 | 0% | 0:00
| Chase Priskie | Emil Andrae | 1 | 4 | 0 | 40 | 0% | 0:00
|
| 4 vs 4 Forward |
|---|
| Line # | Center | Wing | PHY | DF | OF | Wanted % | Time % | Time Play |
| 1 | Cal O'Reilly | Bradly Nadeau | 1 | 2 | 2 | 60 | 0% | 0:00
|
| 2 | Vasily Ponomarev | Jonathan Lekkerimaki | 1 | 2 | 2 | 40 | 0% | 0:00
|
| 4 vs 4 Defense |
|---|
| Line # | Defense | | PHY | DF | OF | Wanted % | Time % | Time Play |
| 1 | Tyler Wotherspoon | Dennis Cholowski | 1 | 2 | 2 | 60 | 0% | 0:00
|
| 2 | Chase Priskie | Adam Ginning | 1 | 2 | 2 | 40 | 0% | 0:00
|
| Last Minutes Offensive |
|---|
| Left Wing | Center | Right Wing | Defense | Defense |
| Bradly Nadeau | Cal O'Reilly | Jonathan Lekkerimaki | Tyler Wotherspoon | Dennis Cholowski |
| Last Minutes Defensive |
|---|
| Left Wing | Center | Right Wing | Defense | Defense |
| Givani Smith | Cal O'Reilly | Cole Schwindt | Tyler Wotherspoon | Dennis Cholowski |
| Time |
|---|
| Total Forward | Total Defense | Last Minutes Offensive | Last Minutes Defensive |
| 60:00 |
60:00 |
0:00 | 0:00 |
| Extra Forwards |
|---|
| Normal | PowerPlay | Penalty Kill |
|
Cole Schwindt, Filip Bystedt, Zayde Wisdom | Cole Schwindt, Filip Bystedt | Cole Schwindt |
| Extra Defensemen |
|---|
| Normal | PowerPlay | Penalty Kill |
|
Adam Ginning, Ronnie Attard, Emil Andrae | Ronnie Attard, Adam Ginning | Ronnie Attard |
| Penalty Shots |
|---|
|
Cal O'Reilly, Bradly Nadeau, Jonathan Lekkerimaki, Vasily Ponomarev, Cole Schwindt |
| Goalie |
|---|
| Jiri Patera, Jacob Fowler |
| Scratches |
|---|
|
Milos Kelemen (Healthy), Eemil Viro (Healthy), Carl Berglund (Healthy), Calle Odelius (Strained Back Injury), Aleksandr Kisakov (Healthy)
Max McCue (Healthy), Cayden Primeau (Healthy), T.J. Semptimphelter (Healthy) |
Manchester Monarchs
| 5 vs 5 Forward |
|---|
| Line # | Left Wing | Center | Right Wing | PHY | DF | OF | Wanted % | Time % | Time Play |
| 1 | Rory Kerins | Luca Del Bel Belluz | Nikolai Kovalenko | 1 | 1 | 3 | 32 | 27% | 13:29
|
| 2 | Angus Crookshank | Cole Guttman | Max Jones | 1 | 1 | 3 | 31 | 28% | 13:47
|
| 3 | David Gustafsson | Mathias Emilio Pettersen | Justin Sourdif | 1 | 2 | 2 | 26 | 25% | 12:27
|
| 4 | Adam Beckman | Matthew Seminoff | Filip Mesar | 1 | 3 | 1 | 11 | 19% | 9:28
|
| 5 vs 5 Defense |
|---|
| Line # | Defense | Defense | | PHY | DF | OF | Wanted % | Time % | Time Play |
| 1 | Daniil Miromanov | Jake Christiansen | | 0 | 2 | 3 | 39 | 38% | 18:32
|
| 2 | Kirill Kudryavtsev | Frederic Brunet | | 0 | 2 | 3 | 39 | 37% | 18:25
|
| 3 | Samuel Johannesson | Daemon Hunt | | 0 | 4 | 1 | 22 | 25% | 12:14
|
| 4 | Daniil Miromanov | Jake Christiansen | | 1 | 2 | 2 | 0 | 0% | 0:00
|
| Power Play Forward |
|---|
| Line # | Left Wing | Center | Right Wing | PHY | DF | OF | Wanted % | Time % | Time Play |
| 1 | Rory Kerins | Luca Del Bel Belluz | Nikolai Kovalenko | 0 | 0 | 5 | 60 | 59% | 2:53
|
| 2 | Angus Crookshank | Cole Guttman | Max Jones | 0 | 0 | 5 | 40 | 41% | 1:59
|
| Power Play Defense |
|---|
| Line # | Defense | Defense | | PHY | DF | OF | Wanted % | Time % | Time Play |
| 1 | Daniil Miromanov | Jake Christiansen | | 0 | 1 | 4 | 60 | 61% | 2:59
|
| 2 | Kirill Kudryavtsev | Frederic Brunet | | 0 | 1 | 4 | 40 | 39% | 1:53
|
| Penalty Kill 4 Players Forward |
|---|
| Line # | Center | Wing | PHY | DF | OF | Wanted % | Time % | Time Play |
| 1 | Rory Kerins | Nikolai Kovalenko | 1 | 4 | 0 | 50 | 54% | 3:11
|
| 2 | Luca Del Bel Belluz | Cole Guttman | 1 | 4 | 0 | 50 | 46% | 2:46
|
| Penalty Kill 4 Players Defense |
|---|
| Line # | Defense | Defense | PHY | DF | OF | Wanted % | Time % | Time Play |
| 1 | Jake Christiansen | Frederic Brunet | 1 | 4 | 0 | 50 | 57% | 3:25
|
| 2 | Kirill Kudryavtsev | Samuel Johannesson | 1 | 4 | 0 | 50 | 43% | 2:32
|
| Penalty Kill 3 Players |
|---|
| Line # | Wing | PHY | DF | OF | Wanted % | Time % | Time Play | Defense | Defense | PHY | DF | OF | Wanted % | Time % | Time Play |
| 1 | Rory Kerins | 0 | 5 | 0 | 50 | 0% | 0:00
| Jake Christiansen | Frederic Brunet | 1 | 4 | 0 | 50 | 0% | 0:00
|
| 2 | Luca Del Bel Belluz | 0 | 5 | 0 | 50 | 0% | 0:00
| Kirill Kudryavtsev | Samuel Johannesson | 1 | 4 | 0 | 50 | 0% | 0:00
|
| 4 vs 4 Forward |
|---|
| Line # | Center | Wing | PHY | DF | OF | Wanted % | Time % | Time Play |
| 1 | Mathias Emilio Pettersen | David Gustafsson | 0 | 3 | 2 | 50 | 0% | 0:00
|
| 2 | Matthew Seminoff | Adam Beckman | 0 | 3 | 2 | 50 | 0% | 0:00
|
| 4 vs 4 Defense |
|---|
| Line # | Defense | | PHY | DF | OF | Wanted % | Time % | Time Play |
| 1 | Samuel Johannesson | Daemon Hunt | 0 | 4 | 1 | 50 | 0% | 0:00
|
| 2 | Frederic Brunet | Kirill Kudryavtsev | 0 | 4 | 1 | 50 | 0% | 0:00
|
| Last Minutes Offensive |
|---|
| Left Wing | Center | Right Wing | Defense | Defense |
| Rory Kerins | Luca Del Bel Belluz | Nikolai Kovalenko | Daniil Miromanov | Jake Christiansen |
| Last Minutes Defensive |
|---|
| Left Wing | Center | Right Wing | Defense | Defense |
| Rory Kerins | Luca Del Bel Belluz | Nikolai Kovalenko | Daniil Miromanov | Jake Christiansen |
| Time |
|---|
| Total Forward | Total Defense | Last Minutes Offensive | Last Minutes Defensive |
| 60:00 |
60:00 |
0:00 | 0:00 |
| Extra Forwards |
|---|
| Normal | PowerPlay | Penalty Kill |
|
Nikolai Kovalenko, Cole Guttman, Angus Crookshank | Nikolai Kovalenko, Cole Guttman | Nikolai Kovalenko |
| Extra Defensemen |
|---|
| Normal | PowerPlay | Penalty Kill |
|
Kirill Kudryavtsev, Samuel Johannesson, Daemon Hunt | Kirill Kudryavtsev, Kirill Kudryavtsev | Samuel Johannesson |
| Penalty Shots |
|---|
|
Daniil Miromanov, Justin Sourdif, Rory Kerins, Luca Del Bel Belluz, Nikolai Kovalenko |
| Goalie |
|---|
| Matthew Murray, Clay Stevenson |
| Scratches |
|---|
|
Cole Reinhardt (Healthy), Mason Millman (Healthy), Elliot Desnoyers (Healthy), Cam Lund (Healthy), Charles-Alexis Legault (Healthy)
Jakub Skarek (Healthy), Magnus Chrona (Healthy) |
Play-by-Play
1st period
0:01 of 1st period - Luca Del Bel Belluz wins face-off versus Cal O'Reilly in neutral zone.
0:26 of 1st period - Zayde Wisdom is hit by Jake Christiansen and loses puck.
0:36 of 1st period - Off-side.
0:37 of 1st period - Cole Schwindt wins face-off versus Mathias Emilio Pettersen in neutral zone.
0:42 of 1st period - Snap shot by Cole Schwindt.
0:42 of 1st period - Shot Misses the Net.
0:44 of 1st period - Wrist shot by Givani Smith.
0:44 of 1st period - Deflect By Cameron Hebig.
0:44 of 1st period - Shot Blocked by David Gustafsson.
0:44 of 1st period - Puck is out of play.
0:45 of 1st period - Justin Sourdif wins face-off versus Cole Schwindt in Manchester Monarchs zone.
1:17 of 1st period - Slapshot by Chase Priskie.
1:17 of 1st period - Shot Misses the Net.
2:35 of 1st period - Wrist shot by Vasily Ponomarev.
2:35 of 1st period - Stopped by Matthew Murray without a rebound.
2:36 of 1st period - Filip Mesar wins face-off versus Vasily Ponomarev in Manchester Monarchs zone.
2:55 of 1st period - Snap shot by Adam Beckman.
2:55 of 1st period - Stopped by Jiri Patera without a rebound.
2:56 of 1st period - Cal O'Reilly wins face-off versus Cole Guttman in Philadelphia Phantoms zone.
3:11 of 1st period - Wrist shot by Bradly Nadeau.
3:11 of 1st period - Stopped by Matthew Murray with a rebound.
3:23 of 1st period - Nikolai Kovalenko is hit by Givani Smith and loses puck.
3:50 of 1st period - Justin Sourdif is hit by Filip Bystedt and loses puck.
4:03 of 1st period - Ondrej Becher is hit by Daemon Hunt and loses puck.
4:18 of 1st period - Icing by Ronnie Attard.
4:19 of 1st period - Tyler Madden wins face-off versus Cole Guttman in Philadelphia Phantoms zone.
5:11 of 1st period - Bradly Nadeau is hit by Kirill Kudryavtsev and loses puck.
6:03 of 1st period - Jake Christiansen is hit by Givani Smith and loses puck.
6:55 of 1st period - Icing by Ondrej Becher.
6:56 of 1st period - Tyler Madden wins face-off versus Mathias Emilio Pettersen in Philadelphia Phantoms zone.
7:07 of 1st period - Slapshot by Justin Sourdif.
7:07 of 1st period - Goal by Justin Sourdif - Philadelphia Phantoms : 0 - Manchester Monarchs : 1.
7:08 of 1st period - Vasily Ponomarev wins face-off versus Luca Del Bel Belluz in neutral zone.
7:46 of 1st period - Tyler Wotherspoon is hit by Cole Guttman and loses puck.
7:54 of 1st period - Icing by Bradly Nadeau.
7:55 of 1st period - Cal O'Reilly wins face-off versus Luca Del Bel Belluz in Philadelphia Phantoms zone.
8:00 of 1st period - Snap shot by Jonathan Lekkerimaki.
8:00 of 1st period - Shot Blocked by Daniil Miromanov.
8:35 of 1st period - Icing by Dennis Cholowski.
8:36 of 1st period - Cole Guttman wins face-off versus Cal O'Reilly in Philadelphia Phantoms zone.
8:42 of 1st period - Wrist shot by Angus Crookshank.
8:42 of 1st period - Stopped by Jiri Patera with a rebound.
8:48 of 1st period - Slapshot by Jonathan Lekkerimaki.
8:48 of 1st period - Shot Blocked by Frederic Brunet.
8:50 of 1st period - Minor Penalty to Frederic Brunet for Cross-checking.
8:51 of 1st period - Vasily Ponomarev wins face-off versus Rory Kerins in Manchester Monarchs zone.
9:16 of 1st period - Filip Bystedt is hit by Cole Guttman and loses puck.
10:50 of 1st period - Penalty to Frederic Brunet is over, Frederic Brunet is back on ice.
10:55 of 1st period - Daniil Miromanov is hit by Tyler Wotherspoon and loses puck.
11:13 of 1st period - Icing by Jake Christiansen.
11:14 of 1st period - Cole Schwindt wins face-off versus Luca Del Bel Belluz in Manchester Monarchs zone.
11:29 of 1st period - Snap shot by Cameron Hebig.
11:29 of 1st period - Shot Misses the Net.
11:45 of 1st period - Snap shot by Justin Sourdif.
11:45 of 1st period - Stopped by Jiri Patera without a rebound.
11:46 of 1st period - Mathias Emilio Pettersen wins face-off versus Zayde Wisdom in Philadelphia Phantoms zone.
11:49 of 1st period - Snap shot by David Gustafsson.
11:49 of 1st period - Shot Misses the Net.
11:51 of 1st period - Wrist shot by Justin Sourdif.
11:51 of 1st period - Stopped by Jiri Patera without a rebound.
11:52 of 1st period - Mathias Emilio Pettersen wins face-off versus Vasily Ponomarev in Philadelphia Phantoms zone.
11:59 of 1st period - Wrist shot by David Gustafsson.
11:59 of 1st period - Stopped by Jiri Patera with a rebound.
12:43 of 1st period - Wrist shot by Vasily Ponomarev.
12:43 of 1st period - Stopped by Matthew Murray with a rebound.
12:45 of 1st period - Slapshot by Emil Andrae.
12:45 of 1st period - Stopped by Matthew Murray with a rebound.
12:47 of 1st period - Slapshot by Emil Andrae.
12:47 of 1st period - Deflect By Zayde Wisdom.
12:47 of 1st period - Shot Misses the Net.
12:47 of 1st period - Puck is out of play.
12:48 of 1st period - Cole Guttman wins face-off versus Cole Schwindt in Manchester Monarchs zone.
13:01 of 1st period - Angus Crookshank is hit by Givani Smith and loses puck.
13:14 of 1st period - Cole Guttman is hit by Alex Campbell and loses puck.
13:32 of 1st period - Icing by Samuel Johannesson.
13:33 of 1st period - Luca Del Bel Belluz wins face-off versus Jonathan Lekkerimaki in Manchester Monarchs zone.
14:00 of 1st period - Kirill Kudryavtsev is hit by Givani Smith and loses puck.
14:09 of 1st period - Snap shot by Cole Schwindt.
14:09 of 1st period - Shot Misses the Net.
14:54 of 1st period - Snap shot by Adam Beckman.
14:54 of 1st period - Stopped by Jiri Patera with a rebound.
14:56 of 1st period - Slapshot by Frederic Brunet.
14:56 of 1st period - Shot Misses the Net.
14:58 of 1st period - Wrist shot by Filip Mesar.
14:58 of 1st period - Stopped by Jiri Patera with a rebound.
15:06 of 1st period - Wrist shot by Filip Mesar.
15:06 of 1st period - Shot Misses the Net.
15:08 of 1st period - Slapshot by Kirill Kudryavtsev.
15:08 of 1st period - Deflect By Vasily Ponomarev.
15:08 of 1st period - Stopped by Jiri Patera with a rebound.
15:10 of 1st period - Slapshot by Kirill Kudryavtsev.
15:10 of 1st period - Shot Blocked by Tyler Wotherspoon.
15:12 of 1st period - Snap shot by Adam Beckman.
15:12 of 1st period - Shot Misses the Net.
15:14 of 1st period - Slapshot by Frederic Brunet.
15:14 of 1st period - Stopped by Jiri Patera with a rebound.
15:16 of 1st period - Slapshot by Frederic Brunet.
15:16 of 1st period - Shot Blocked by Vasily Ponomarev.
15:18 of 1st period - Snap shot by Matthew Seminoff.
15:18 of 1st period - Shot Misses the Net.
15:20 of 1st period - Slapshot by Adam Beckman.
15:20 of 1st period - Stopped by Jiri Patera with a rebound.
15:32 of 1st period - Slapshot by Filip Mesar.
15:32 of 1st period - Shot Blocked by Filip Bystedt.
15:34 of 1st period - Slapshot by Kirill Kudryavtsev.
15:34 of 1st period - Shot Misses the Net.
15:52 of 1st period - Wrist shot by Filip Mesar.
15:52 of 1st period - Stopped by Jiri Patera without a rebound.
15:53 of 1st period - Luca Del Bel Belluz wins face-off versus Cal O'Reilly in Philadelphia Phantoms zone.
16:02 of 1st period - Snap shot by Luca Del Bel Belluz.
16:02 of 1st period - Goal by Luca Del Bel Belluz - Philadelphia Phantoms : 0 - Manchester Monarchs : 2.
16:03 of 1st period - Rory Kerins wins face-off versus Cal O'Reilly in neutral zone.
16:06 of 1st period - Jonathan Lekkerimaki is hit by Nikolai Kovalenko and loses puck.
16:29 of 1st period - Emil Andrae is hit by Cole Guttman.
16:57 of 1st period - David Gustafsson is hit by Alex Campbell and loses puck.
17:08 of 1st period - Wrist shot by Justin Sourdif.
17:08 of 1st period - Stopped by Jiri Patera with a rebound.
17:10 of 1st period - Slapshot by Daniil Miromanov.
17:10 of 1st period - Stopped by Jiri Patera with a rebound.
17:12 of 1st period - Slapshot by Luca Del Bel Belluz.
17:12 of 1st period - Stopped by Jiri Patera with a rebound.
17:14 of 1st period - Snap shot by Nikolai Kovalenko.
17:14 of 1st period - Shot Misses the Net.
17:16 of 1st period - Slapshot by Jake Christiansen.
17:16 of 1st period - Shot Blocked by Emil Andrae.
17:26 of 1st period - Cole Guttman is hit by Vasily Ponomarev and loses puck.
17:49 of 1st period - Slapshot by Luca Del Bel Belluz.
17:49 of 1st period - Shot Blocked by Tyler Wotherspoon.
17:55 of 1st period - Frederic Brunet is hit by Givani Smith.
18:53 of 1st period - David Gustafsson is hit by Cal O'Reilly and loses puck.
19:46 of 1st period - Snap shot by Cameron Hebig.
19:46 of 1st period - Shot Misses the Net.
19:48 of 1st period - Wrist shot by Tyler Madden.
19:48 of 1st period - Stopped by Matthew Murray without a rebound.
19:49 of 1st period - Matthew Seminoff wins face-off versus Tyler Madden in Manchester Monarchs zone.
Goals for this period are 0 for Philadelphia Phantoms vs 2 for Manchester Monarchs.
Shots for this period are 5 for Philadelphia Phantoms vs 16 for Manchester Monarchs.
2nd period
0:01 of 2nd period - Rory Kerins wins face-off versus Cal O'Reilly in neutral zone.
0:08 of 2nd period - Off-side.
0:09 of 2nd period - Cal O'Reilly wins face-off versus Luca Del Bel Belluz in neutral zone.
0:12 of 2nd period - Snap shot by Bradly Nadeau.
0:12 of 2nd period - Shot Misses the Net.
0:22 of 2nd period - Wrist shot by Bradly Nadeau.
0:22 of 2nd period - Stopped by Matthew Murray without a rebound.
0:23 of 2nd period - Vasily Ponomarev wins face-off versus Luca Del Bel Belluz in Manchester Monarchs zone.
0:31 of 2nd period - Off-side.
0:32 of 2nd period - Filip Bystedt wins face-off versus Luca Del Bel Belluz in neutral zone.
0:51 of 2nd period - Wrist shot by Filip Bystedt.
0:51 of 2nd period - Shot Misses the Net.
0:53 of 2nd period - Slapshot by Emil Andrae.
0:53 of 2nd period - Stopped by Matthew Murray with a rebound.
0:55 of 2nd period - Snap shot by Vasily Ponomarev.
0:55 of 2nd period - Stopped by Matthew Murray without a rebound.
0:56 of 2nd period - Cole Guttman wins face-off versus Cal O'Reilly in Manchester Monarchs zone.
1:09 of 2nd period - Wrist shot by Bradly Nadeau.
1:09 of 2nd period - Shot Misses the Net.
1:30 of 2nd period - Wrist shot by Cameron Hebig.
1:30 of 2nd period - Shot Misses the Net.
2:10 of 2nd period - Jake Christiansen is hit by Filip Bystedt and loses puck.
2:33 of 2nd period - Snap shot by Angus Crookshank.
2:33 of 2nd period - Stopped by Jiri Patera without a rebound.
2:34 of 2nd period - Cole Schwindt wins face-off versus Nikolai Kovalenko in Philadelphia Phantoms zone.
2:34 of 2nd period - Cole Schwindt is hit by Rory Kerins.
2:45 of 2nd period - Off-side.
2:46 of 2nd period - Cal O'Reilly wins face-off versus Luca Del Bel Belluz in neutral zone.
2:49 of 2nd period - Snap shot by Bradly Nadeau.
2:49 of 2nd period - Stopped by Matthew Murray without a rebound.
2:50 of 2nd period - Cal O'Reilly wins face-off versus Luca Del Bel Belluz in Manchester Monarchs zone.
3:05 of 2nd period - Snap shot by Bradly Nadeau.
3:05 of 2nd period - Stopped by Matthew Murray without a rebound.
3:06 of 2nd period - Cole Guttman wins face-off versus Givani Smith in Manchester Monarchs zone.
3:31 of 2nd period - Emil Andrae is hit by Rory Kerins and loses puck.
3:44 of 2nd period - Snap shot by Luca Del Bel Belluz.
3:44 of 2nd period - Stopped by Jiri Patera without a rebound.
3:45 of 2nd period - Mathias Emilio Pettersen wins face-off versus Vasily Ponomarev in Philadelphia Phantoms zone.
3:48 of 2nd period - Wrist shot by David Gustafsson.
3:48 of 2nd period - Shot Blocked by Dennis Cholowski.
3:56 of 2nd period - Kirill Kudryavtsev is hit by Filip Bystedt and loses puck.
4:15 of 2nd period - Snap shot by Jonathan Lekkerimaki.
4:15 of 2nd period - Goal by Jonathan Lekkerimaki - Philadelphia Phantoms : 1 - Manchester Monarchs : 2.
4:16 of 2nd period - Cole Guttman wins face-off versus Cole Schwindt in neutral zone.
4:25 of 2nd period - Wrist shot by Cole Guttman.
4:25 of 2nd period - Shot Blocked by Givani Smith.
4:27 of 2nd period - Slapshot by Daniil Miromanov.
4:27 of 2nd period - Shot Misses the Net.
4:29 of 2nd period - Slapshot by Jake Christiansen.
4:29 of 2nd period - Deflect By Cole Schwindt.
4:29 of 2nd period - Stopped by Jiri Patera with a rebound.
4:31 of 2nd period - Slapshot by Daniil Miromanov.
4:31 of 2nd period - Stopped by Jiri Patera with a rebound.
4:50 of 2nd period - Wrist shot by Vasily Ponomarev.
4:50 of 2nd period - Stopped by Matthew Murray without a rebound.
4:51 of 2nd period - Cal O'Reilly wins face-off versus Mathias Emilio Pettersen in Manchester Monarchs zone.
4:54 of 2nd period - Wrist shot by Jonathan Lekkerimaki.
4:54 of 2nd period - Stopped by Matthew Murray with a rebound.
4:56 of 2nd period - Snap shot by Chase Priskie.
4:56 of 2nd period - Stopped by Matthew Murray without a rebound.
4:57 of 2nd period - Bradly Nadeau wins face-off versus Mathias Emilio Pettersen in Manchester Monarchs zone.
4:58 of 2nd period - Wrist shot by Jonathan Lekkerimaki.
4:58 of 2nd period - Shot Misses the Net.
5:00 of 2nd period - Snap shot by Bradly Nadeau.
5:00 of 2nd period - Stopped by Matthew Murray with a rebound.
5:02 of 2nd period - Snap shot by Cal O'Reilly.
5:02 of 2nd period - Stopped by Matthew Murray with a rebound.
5:04 of 2nd period - Snap shot by Chase Priskie.
5:04 of 2nd period - Shot Blocked by Mathias Emilio Pettersen.
5:12 of 2nd period - Snap shot by Bradly Nadeau.
5:12 of 2nd period - Deflect By Jonathan Lekkerimaki.
5:12 of 2nd period - Goal by Jonathan Lekkerimaki - Philadelphia Phantoms : 2 - Manchester Monarchs : 2.
5:13 of 2nd period - Vasily Ponomarev wins face-off versus Luca Del Bel Belluz in neutral zone.
5:21 of 2nd period - Minor Penalty to Rory Kerins for Tripping.
5:22 of 2nd period - Cole Guttman wins face-off versus Cal O'Reilly in Manchester Monarchs zone.
5:47 of 2nd period - Tyler Wotherspoon is hit by Luca Del Bel Belluz and loses puck.
6:06 of 2nd period - Wrist shot by Filip Bystedt.
6:06 of 2nd period - Stopped by Matthew Murray with a rebound.
6:08 of 2nd period - Snap shot by Dennis Cholowski.
6:08 of 2nd period - Stopped by Matthew Murray without a rebound.
6:09 of 2nd period - Vasily Ponomarev wins face-off versus Justin Sourdif in Manchester Monarchs zone.
7:21 of 2nd period - Penalty to Rory Kerins is over, Rory Kerins is back on ice.
7:34 of 2nd period - Wrist shot by Filip Mesar.
7:34 of 2nd period - Deflect By Adam Beckman.
7:34 of 2nd period - Shot Blocked by Adam Ginning.
7:34 of 2nd period - Puck is out of play.
7:35 of 2nd period - Givani Smith wins face-off versus Filip Mesar in Philadelphia Phantoms zone.
7:42 of 2nd period - Snap shot by Givani Smith.
7:42 of 2nd period - Shot Blocked by Daemon Hunt.
8:44 of 2nd period - Snap shot by Nikolai Kovalenko.
8:44 of 2nd period - Shot Misses the Net.
8:46 of 2nd period - Slapshot by Nikolai Kovalenko.
8:46 of 2nd period - Shot Misses the Net.
8:48 of 2nd period - Slapshot by Nikolai Kovalenko.
8:48 of 2nd period - Stopped by Jiri Patera with a rebound.
8:50 of 2nd period - Snap shot by Nikolai Kovalenko.
8:50 of 2nd period - Stopped by Jiri Patera without a rebound.
8:51 of 2nd period - Justin Sourdif wins face-off versus Cal O'Reilly in Philadelphia Phantoms zone.
9:17 of 2nd period - Minor Penalty to Max Jones for Delaying the game.
9:18 of 2nd period - Luca Del Bel Belluz wins face-off versus Cal O'Reilly in Manchester Monarchs zone.
9:33 of 2nd period - Snap shot by Bradly Nadeau.
9:33 of 2nd period - Stopped by Matthew Murray with a rebound.
10:16 of 2nd period - Cal O'Reilly is hit by Kirill Kudryavtsev.
11:17 of 2nd period - Penalty to Max Jones is over, Max Jones is back on ice.
11:39 of 2nd period - Slapshot by Cameron Hebig.
11:39 of 2nd period - Goal by Cameron Hebig - Philadelphia Phantoms : 3 - Manchester Monarchs : 2.
11:40 of 2nd period - Vasily Ponomarev wins face-off versus Cole Guttman in neutral zone.
11:45 of 2nd period - Slapshot by Chase Priskie.
11:45 of 2nd period - Shot Misses the Net.
11:46 of 2nd period - Daemon Hunt and Filip Bystedt fight to a draw.
11:46 of 2nd period - Penalty to Daemon Hunt for Fighting.
11:46 of 2nd period - Penalty to Filip Bystedt for Fighting.
11:47 of 2nd period - Vasily Ponomarev wins face-off versus Cole Guttman in Manchester Monarchs zone.
11:48 of 2nd period - Slapshot by Emil Andrae.
11:48 of 2nd period - Deflect By Angus Crookshank.
11:48 of 2nd period - Stopped by Matthew Murray with a rebound.
11:50 of 2nd period - Wrist shot by Cole Schwindt.
11:50 of 2nd period - Goal by Cole Schwindt - Philadelphia Phantoms : 4 - Manchester Monarchs : 2.
11:51 of 2nd period - Cole Schwindt wins face-off versus Cole Guttman in neutral zone.
12:23 of 2nd period - Nikolai Kovalenko is hit by Tyler Wotherspoon and loses puck.
12:37 of 2nd period - Off-side.
12:38 of 2nd period - Ondrej Becher wins face-off versus Mathias Emilio Pettersen in neutral zone.
12:41 of 2nd period - Mathias Emilio Pettersen is hit by Alex Campbell and loses puck.
13:52 of 2nd period - Slapshot by Frederic Brunet.
13:52 of 2nd period - Stopped by Jiri Patera without a rebound.
13:53 of 2nd period - Cole Guttman wins face-off versus Vasily Ponomarev in Philadelphia Phantoms zone.
14:10 of 2nd period - Cole Schwindt is hit by Angus Crookshank and loses puck.
14:25 of 2nd period - Wrist shot by Luca Del Bel Belluz.
14:25 of 2nd period - Stopped by Jiri Patera with a rebound.
14:27 of 2nd period - Snap shot by Luca Del Bel Belluz.
14:27 of 2nd period - Deflect By Nikolai Kovalenko.
14:27 of 2nd period - Goal by Nikolai Kovalenko - Philadelphia Phantoms : 4 - Manchester Monarchs : 3.
14:28 of 2nd period - Cole Guttman wins face-off versus Vasily Ponomarev in neutral zone.
15:20 of 2nd period - Tyler Wotherspoon is hit by Mathias Emilio Pettersen and loses puck.
16:02 of 2nd period - Minor Penalty to Emil Andrae for Delaying the game.
16:03 of 2nd period - Cole Schwindt wins face-off versus Luca Del Bel Belluz in Philadelphia Phantoms zone.
16:03 of 2nd period - Cole Schwindt is hit by Nikolai Kovalenko.
16:10 of 2nd period - Snap shot by Givani Smith.
16:10 of 2nd period - Stopped by Matthew Murray with a rebound.
16:12 of 2nd period - Slapshot by Chase Priskie.
16:12 of 2nd period - Deflect By Jake Christiansen.
16:12 of 2nd period - Stopped by Matthew Murray without a rebound.
16:13 of 2nd period - Luca Del Bel Belluz wins face-off versus Givani Smith in Manchester Monarchs zone.
16:13 of 2nd period - Luca Del Bel Belluz is hit by Adam Ginning.
16:46 of 2nd period - Penalty to Filip Bystedt is over, Filip Bystedt is back on ice.
16:59 of 2nd period - Snap shot by Rory Kerins.
16:59 of 2nd period - Shot Blocked by Tyler Wotherspoon.
18:02 of 2nd period - Penalty to Emil Andrae is over, Emil Andrae is back on ice.
18:08 of 2nd period - Dennis Cholowski is hit by Mathias Emilio Pettersen and loses puck.
18:21 of 2nd period - Matthew Seminoff is hit by Dennis Cholowski.
18:33 of 2nd period - Filip Mesar is hit by Emil Andrae.
19:18 of 2nd period - Frederic Brunet is hit by Chase Priskie and loses puck.
19:46 of 2nd period - Slapshot by Cal O'Reilly.
19:46 of 2nd period - Shot Misses the Net.
Goals for this period are 4 for Philadelphia Phantoms vs 1 for Manchester Monarchs.
Shots for this period are 20 for Philadelphia Phantoms vs 9 for Manchester Monarchs.
3rd period
0:01 of 3rd period - Cole Schwindt wins face-off versus Cole Guttman in neutral zone.
0:51 of 3rd period - Wrist shot by Filip Mesar.
0:51 of 3rd period - Stopped by Jiri Patera without a rebound.
0:52 of 3rd period - Cole Schwindt wins face-off versus Matthew Seminoff in Philadelphia Phantoms zone.
0:52 of 3rd period - Matthew Seminoff and Dennis Cholowski fight to a draw.
0:52 of 3rd period - Penalty to Matthew Seminoff for Fighting.
0:52 of 3rd period - Penalty to Dennis Cholowski for Fighting.
0:53 of 3rd period - Angus Crookshank wins face-off versus Cole Schwindt in Philadelphia Phantoms zone.
0:54 of 3rd period - Wrist shot by Max Jones.
0:54 of 3rd period - Shot Misses the Net.
2:01 of 3rd period - David Gustafsson is hit by Cameron Hebig and loses puck.
3:01 of 3rd period - Slapshot by Frederic Brunet.
3:01 of 3rd period - Shot Blocked by Adam Ginning.
3:03 of 3rd period - Snap shot by Frederic Brunet.
3:03 of 3rd period - Shot Blocked by Cal O'Reilly.
3:05 of 3rd period - Slapshot by Frederic Brunet.
3:05 of 3rd period - Stopped by Jiri Patera with a rebound.
3:07 of 3rd period - Wrist shot by David Gustafsson.
3:07 of 3rd period - Stopped by Jiri Patera with a rebound.
3:09 of 3rd period - Slapshot by Kirill Kudryavtsev.
3:09 of 3rd period - Shot Misses the Net.
3:23 of 3rd period - Snap shot by Bradly Nadeau.
3:23 of 3rd period - Stopped by Matthew Murray with a rebound.
3:35 of 3rd period - Snap shot by David Gustafsson.
3:35 of 3rd period - Shot Blocked by Adam Ginning.
3:37 of 3rd period - Snap shot by Justin Sourdif.
3:37 of 3rd period - Shot Misses the Net.
3:39 of 3rd period - Slapshot by Frederic Brunet.
3:39 of 3rd period - Stopped by Jiri Patera without a rebound.
3:40 of 3rd period - Luca Del Bel Belluz wins face-off versus Cole Schwindt in Philadelphia Phantoms zone.
4:05 of 3rd period - Jake Christiansen is hit by Alex Campbell.
4:49 of 3rd period - Off-side.
4:50 of 3rd period - Cole Guttman wins face-off versus Cole Schwindt in neutral zone.
5:01 of 3rd period - Wrist shot by Givani Smith.
5:01 of 3rd period - Shot Misses the Net.
5:03 of 3rd period - Snap shot by Chase Priskie.
5:03 of 3rd period - Stopped by Matthew Murray with a rebound.
7:13 of 3rd period - Wrist shot by Cal O'Reilly.
7:13 of 3rd period - Shot Misses the Net.
7:15 of 3rd period - Snap shot by Tyler Wotherspoon.
7:15 of 3rd period - Shot Misses the Net.
7:17 of 3rd period - Snap shot by Cal O'Reilly.
7:17 of 3rd period - Shot Misses the Net.
7:19 of 3rd period - Wrist shot by Bradly Nadeau.
7:19 of 3rd period - Deflect By Jonathan Lekkerimaki.
7:19 of 3rd period - Shot Misses the Net.
7:19 of 3rd period - Puck is out of play.
7:20 of 3rd period - Luca Del Bel Belluz wins face-off versus Givani Smith in Manchester Monarchs zone.
8:15 of 3rd period - Adam Ginning is hit by Daniil Miromanov and loses puck.
8:33 of 3rd period - Ronnie Attard is hit by Samuel Johannesson.
8:39 of 3rd period - Daemon Hunt is hit by Tyler Madden and loses puck.
9:00 of 3rd period - Mathias Emilio Pettersen is hit by Givani Smith and loses puck.
10:21 of 3rd period - Filip Mesar is hit by Filip Bystedt.
10:25 of 3rd period - Adam Beckman is hit by Chase Priskie and loses puck.
10:58 of 3rd period - Snap shot by Cole Schwindt.
10:58 of 3rd period - Deflect By Cal O'Reilly.
10:58 of 3rd period - Shot Blocked by Luca Del Bel Belluz.
10:58 of 3rd period - Puck is out of play.
10:59 of 3rd period - Luca Del Bel Belluz wins face-off versus Cal O'Reilly in Manchester Monarchs zone.
10:59 of 3rd period - Luca Del Bel Belluz is hit by Cal O'Reilly.
11:15 of 3rd period - Wrist shot by Bradly Nadeau.
11:15 of 3rd period - Goal by Bradly Nadeau - Philadelphia Phantoms : 5 - Manchester Monarchs : 3.
11:16 of 3rd period - Vasily Ponomarev wins face-off versus Cole Guttman in neutral zone.
11:39 of 3rd period - Icing by Jake Christiansen.
11:40 of 3rd period - Cole Schwindt wins face-off versus Luca Del Bel Belluz in Manchester Monarchs zone.
12:13 of 3rd period - Slapshot by Jake Christiansen.
12:13 of 3rd period - Deflect By Angus Crookshank.
12:13 of 3rd period - Stopped by Jiri Patera without a rebound.
12:14 of 3rd period - Filip Bystedt wins face-off versus Cole Guttman in Philadelphia Phantoms zone.
12:29 of 3rd period - Wrist shot by Angus Crookshank.
12:29 of 3rd period - Stopped by Jiri Patera without a rebound.
12:30 of 3rd period - Jonathan Lekkerimaki wins face-off versus Luca Del Bel Belluz in Philadelphia Phantoms zone.
12:39 of 3rd period - Slapshot by Jonathan Lekkerimaki.
12:39 of 3rd period - Shot Blocked by Kirill Kudryavtsev.
13:45 of 3rd period - Snap shot by Cameron Hebig.
13:45 of 3rd period - Stopped by Matthew Murray with a rebound.
13:47 of 3rd period - Wrist shot by Cole Schwindt.
13:47 of 3rd period - Shot Misses the Net.
13:49 of 3rd period - Slapshot by Cole Schwindt.
13:49 of 3rd period - Shot Blocked by Samuel Johannesson.
14:22 of 3rd period - Wrist shot by David Gustafsson.
14:22 of 3rd period - Shot Hit the Post.
15:09 of 3rd period - Snap shot by Cole Guttman.
15:09 of 3rd period - Stopped by Jiri Patera with a rebound.
15:19 of 3rd period - Minor Penalty to Filip Bystedt for Delaying the game.
15:20 of 3rd period - Luca Del Bel Belluz wins face-off versus Cole Schwindt in Philadelphia Phantoms zone.
16:24 of 3rd period - Chase Priskie is hit by Angus Crookshank and loses puck.
17:19 of 3rd period - Penalty to Filip Bystedt is over, Filip Bystedt is back on ice.
17:26 of 3rd period - Adam Ginning is hit by Justin Sourdif and loses puck.
18:55 of 3rd period - Jake Christiansen is hit by Bradly Nadeau and loses puck.
19:05 of 3rd period - Minor Penalty to Adam Ginning for Slashing.
19:06 of 3rd period - Filip Bystedt wins face-off versus Luca Del Bel Belluz in Philadelphia Phantoms zone.
19:33 of 3rd period - Dennis Cholowski is hit by Max Jones and loses puck.
Goals for this period are 1 for Philadelphia Phantoms vs 0 for Manchester Monarchs.
Shots for this period are 4 for Philadelphia Phantoms vs 7 for Manchester Monarchs.